 Seeded DCSS version 0.27-a0-1046-g98bf31544f (webtiles) character file.

Game seed: 20210420 (custom seed)

170 Snicker the Sneak (level 5, 0/38 HPs)
             Began as a Demonspawn Brigand on Apr 20, 2021.
             Slain by an orc
             ... wielding a +0 hand axe
              (5 damage)
             ... on level 3 of the Dungeon.
             The game lasted 00:06:07 (2668 turns).

Snicker the Sneak (Demonspawn Brigand)              Turns: 2668, Time: 00:06:08

Health: 0/38       AC:  3    Str: 17    XL:     5   Next: 25%
Magic:  5/5        EV: 11    Int: 12    God:
Gold:   160        SH:  0    Dex: 16    Spells: 2/4 levels left

rFire    . . .     SeeInvis .   a - +2 dagger
rCold    . . .     Faith    .   (no shield)
rNeg     . . .     Spirit   .   b - +0 robe
rPois    .         Reflect  .   (helmet restricted)
rElec    .         Harm     .   c - +0 cloak
rCorr    .         Rampage  .   (no gloves)
Will     .....                  (no boots)
Stlth    +++.......             (no amulet)
HPRegen  0.12/turn              i - +6 ring of strength
MPRegen  0.09/turn              (no ring)

@: no status effects
A: claws 1, hooves 1, horns 2
a: no special abilities


You were on level 3 of the Dungeon.
You visited 1 branch of the dungeon, and saw 3 of its levels.

You collected 160 gold pieces.

Inventory:

Hand Weapons
 a - a +2 dagger (weapon)
Missiles
 d - 43 poisoned darts
 e - 2 curare-tipped darts (quivered)
Armour
 b - a +0 robe (worn)
 c - a +0 cloak (worn)
Jewellery
 i - a +6 ring of strength (left claw)
Scrolls
 f - a scroll of teleportation {unknown}
 o - a scroll of fear {unknown}
 p - a scroll of fog {unknown}
Potions
 g - a potion of ambrosia {unknown}
 h - 3 potions of invisibility {unknown}
 j - a potion of attraction {unknown}
 k - 2 potions of might {unknown}
 l - 3 potions of heal wounds {unknown}
 m - a potion of lignification {unknown}
 n - a potion of mutation {unknown}


   Skills:
 + Level 2.2 Fighting
 * Level 3.4 Short Blades
 + Level 1.9 Throwing
 + Level 0.9 Dodging
 * Level 5.0 Stealth
 * Level 0.7 Transmutations


You had 2 spell levels left.
You knew the following spells:

 Your Spells              Type           Power      Damage    Failure   Level
a - Wereblood             Tmut           1%         N/A       36%         2

Your spell library contained the following spells:

 Spells                   Type           Power      Damage    Failure   Level
 Beastly Appendage        Tmut           2%         N/A       24%         1
 Spider Form              Tmut/Pois      0%         N/A       65%         3
 Ice Form                 Ice/Tmut       0%         N/A       96%         4
 Hydra Form               Tmut           0%         N/A       100%        5


Dungeon Overview and Level Annotations

Branches:
Dungeon (3/15)

Altars:

Shops:
D:1 =*


Innate Abilities, Weirdness & Mutations

You have sharp fingernails.
You have large cloven feet.
You have a pair of horns on your head.


Message History

You hit the endoplasm.
You kill the endoplasm!
You now have 160 gold pieces (gained 13).
An orc comes into view. It is wielding a +0 war axe.
The orc shouts!
The orc moves out of view.
An orc comes into view. It is wielding a +0 whip.
An orc is nearby!
An orc is nearby!
An orc is nearby!
The orc moves out of view.
An orc comes into view. It is wielding a +0 club.
The orc shouts!
You hear a shout! 2 orcs come into view.
An orc is wielding a +0 trident and carrying a wand of paralysis (8).
The orc shouts!
The orc hits you but does no damage.
You hit the orc.
The orc is lightly wounded.
The orc hits you with a +0 club. The orc hits you with a +0 war axe!
The orc hits you from afar with a +0 trident.
You hit the orc.
The orc is severely wounded.
The orc hits you with a +0 club. The orc barely misses you.
You barely miss the orc. You kick the orc. You headbutt the orc.
You kill the orc!
The orc zaps a wand.
You suddenly lose the ability to move!
The orc hits you with a +0 hand axe. The orc hits you but does no damage.
The orc hits you with a +0 hand axe. The orc hits you with a +0 whip.
The orc hits you but does no damage. The orc hits you with a +0 whip.
The orc hits you but does no damage. The orc hits you with a +0 whip.
* * * LOW HITPOINT WARNING * * *
You can move again.
Unknown command.
The orc hits you with a +0 hand axe.
* * * LOW HITPOINT WARNING * * *
There is a stone staircase leading up here.
The orc hits you with a +0 hand axe.
You die...

##.#.#.#.#.# #...#
.....##.##.# #...#
#.#.......# ##.## #>.....####
#)######
#######.#########.o....######
#.........#.o..........#
##..##.##.#.##.##.####.#
#..##.##.#o##.##.####.#
#..#...@oo.........##.##
#.......[#.##.##.#.##..#
#........#.##.##)#.###.#
##.......#.......# # #.#
###...####.#.#### #.#
#####.## ....... #.#
#....#.##.....### ###.#
#.###.###.....# #...# #†# ###
#.....# #.###


You could see 3 orcs.

Vanquished Creatures
  An orc priest (D:3)
  Natasha (thrice) (D:2)
  A worm (D:2)
  2 dart slugs (D:1)
  6 orcs
  6 endoplasms
  6 goblins
  7 hobgoblins
  2 quokkas (D:1)
  3 ball pythons
  2 bats
  A frilled lizard (D:1)
  6 kobolds
  2 rats
48 creatures vanquished.

Notes
Turn   | Place    | Note
-------+----------+-------------------------------------------
     0 | D:1      | Snicker the Demonspawn Brigand began the quest for the Orb.
     0 | D:1      | Reached XP level 1. HP: 16/16 MP: 1/1
   156 | D:1      | Found Fouwni's Assorted Antiques.
   182 | D:1      | Gained mutation: You have large cloven feet. [demonic
                  | ancestry]
   182 | D:1      | Reached XP level 2. HP: 17/22 MP: 2/2
   386 | D:1      | Reached skill level 4 in Stealth
   471 | D:1      | Found Xideuh's Jewellery Boutique.
   732 | D:1      | Found a faded altar of an unknown god.
  1286 | D:2      | Gained mutation: You have a pair of small horns on your
                  | head. [demonic ancestry]
  1286 | D:2      | Reached XP level 3. HP: 27/27 MP: 3/3
  1299 | D:2      | Learned a level 2 spell: Wereblood
  1322 | D:2      | Noticed Natasha
  1332 | D:2      | Killed Natasha
  1599 | D:2      | Noticed Natasha
  1607 | D:2      | Killed Natasha
  1608 | D:2      | Gained mutation: You have sharp fingernails. [demonic
                  | ancestry]
  1608 | D:2      | Reached XP level 4. HP: 31/33 MP: 4/4
  1649 | D:2      | Noticed Natasha
  1654 | D:2      | Killed Natasha
  2278 | D:3      | Gained mutation: You have a pair of horns on your head.
                  | [demonic ancestry]
  2278 | D:3      | Reached XP level 5. HP: 38/38 MP: 5/5
  2443 | D:3      | Reached skill level 5 in Stealth
  2654 | D:3      | Paralysed by an orc for 7 turns
  2668 | D:3      | Slain by an orc

Illustrated notes

Levels and vault maps discovered:
D:1:      mainiacjoe_arrival_reflecting_pool, layout_loops_ring,
          hellmonk_ecumenical_altar_inner_sanctum, serial_shops, shop,
          nicolae_shop_crystal, hex_medium, minmay_ruptured
D:2:      layout_loops_ring, uniq_natasha
D:3:      layout_loops_cross

Skill      XL: |  1  2  3  4  5 |
---------------+----------------+-----
Short Blades   | 2 3 |  3.4
Stealth        | 4 5 |  5.0
Fighting       | |  2.2
Throwing       | |  1.9
Dodging        | |  0.9
Transmutations | |  0.7

Action                   |  1- 3 |  4- 6 || total
-------------------------+-------+-------++-------
Melee: Dagger            |    63 |    53 ||   116
       Kick              |    10 |    15 ||    25
       Headbutt          |     2 |     6 ||     8
Throw: Dart              |     1 |       ||     1
 Stab: Sleeping          |     6 |     6 ||    12
Armor: Robe              |     8 |     8 ||    16
Dodge: Dodged            |    22 |    21 ||    43

Table legend: (Time is in decaauts)
 A = Elapsed time spent in this place.
 B = Non-inter-level travel time spent in this place.
 C = Inter-level travel time spent in this place.
 D = Time resting spent in this place.
 E = Time spent auto-exploring this place.
 F = Levels seen in this place.
 G = Mean time per level.
                   A        B        C        D        E       F      G
               +--------+--------+--------+--------+--------+-----+--------+
         Total |   2656 |   2613 |     43 |    517 |   1728 |   3 |  885.3 |
       Dungeon |   2656 |   2613 |     43 |    517 |   1728 |   3 |  885.3 |
               +--------+--------+--------+--------+--------+-----+--------+

Top non-repeatable levels by time:
     D:1: 1269 daAuts
     D:2: 876 daAuts
     D:3: 511 daAuts
